 Dungeon Crawl Stone Soup version 0.30-a0-840-ga523dec638 (webtiles) character file.

Game seed: 5481138962375988681

185 zenocrate the Insei (level 5, 0/49 HPs)
             Began as an Octopode Transmuter on Mar 2, 2023.
             Succumbed to an adder's poison
             ... on level 3 of the Dungeon.
             The game lasted 00:02:55 (2919 turns).

zenocrate the Insei (Octopode Transmuter)           Turns: 2919, Time: 00:02:56

Health: 0/49       AC: 22    Str:  8 (10) XL:     5   Next: 64%
Magic:  5/8        EV:  2    Int: 16 (17) God:
Gold:   34         SH:  0    Dex:  9 (12) Spells: 1/8 levels left

rFire   . . .      SeeInvis .      - Unarmed
rCold   . . .      Faith    .    (no shield)
rNeg    . . .      Spirit   .    (helmet currently unavailable)
rPois   +          Reflect  .    (no amulet)
rElec   .          Harm     .    (no ring)
rCorr   .          Rampage  .    (no ring)
Will    .....      NoTele   +    (no ring)
Stlth   +                        (no ring)
HPRegen 0.28/turn                (no ring)
MPRegen 0.11/turn                (no ring)
                                 (no ring)
                                 (no ring)

@: lethally poisoned (0 -> -6), tree-form, wereblooded, hasted, very quick
A: stationary, stasis, torment immunity, boosted hp, almost no armour,
(amphibious), 8 rings, (camouflage 1), (gelatinous body 1), (nimble swimmer 1),
(tentacles)
a: no special abilities


You were on level 3 of the Dungeon.
You were a tree.
You visited 1 branch of the dungeon, and saw 3 of its levels.

You collected 92 gold pieces.
You spent 58 gold pieces at shops.

Inventory:

Wands
 r - a wand of flame (14)
Scrolls
 d - a scroll of poison
 e - a scroll of acquirement {unknown}
 f - 4 scrolls of identify {unknown}
 h - a scroll of fear {unknown}
 i - a scroll of vulnerability {unknown}
 j - a scroll of magic mapping {unknown}
 k - a scroll of summoning {unknown}
 l - a scroll of noise {unknown}
 n - a scroll of amnesia {unknown}
 o - a scroll of teleportation {unknown}
 q - 2 scrolls of enchant weapon {unknown}
Potions
 b - 2 potions of degeneration
 c - a potion of berserk rage {unknown}
 g - a potion of haste
 m - a potion of invisibility {unknown}
 p - a potion of curing {unknown}


   Skills:
 - Level 1.0 Fighting
 - Level 2.0 Dodging
 - Level 1.0 Stealth
 + Level 4.4 Unarmed Combat
 - Level 2.0 Spellcasting
 + Level 3.9 Transmutations
 + Level 1.8 Ice Magic


You had one spell level left.
You knew the following spells:

 Your Spells              Type           Power      Damage    Failure   Level
a - Wereblood             Tmut           14%        N/A       6%          2
b - Beastly Appendage     Tmut           28%        N/A       4%          1
c - Ice Form              Ice/Tmut       10%        N/A       54%         4

Your spell library contained the following spells:

 Spells                   Type           Power      Damage    Failure   Level
 Magic Dart               Conj           4%         1d3       21%         1
 Spider Form              Tmut/Pois      7%         N/A       28%         3
 Call Imp                 Summ           1%         N/A       30%         2
 Mephitic Cloud           Conj/Pois/Air  1%         N/A       52%         3


Dungeon Overview and Level Annotations

Branches:
Dungeon (3/15)

Altars:

Shops:
D:1 !   D:2 *


Innate Abilities, Weirdness & Mutations

You are a tree.
Your roots penetrate the ground, keeping you stationary.
You cannot be teleported.
You are immune to unholy pain and torment.
Your maximum health is greatly increased.
You cannot wear most types of armour.
((You are amphibious.))
You can wear up to eight rings at the same time.
((Your skin changes colour to match your surroundings (Stealth+).))
((Your rubbery body absorbs attacks. (AC +1, EV +1)))
((You are camouflaged when in or above water. (Stealth+)))
((You have tentacles for arms and can constrict up to eight enemies at once.))


Message History

Confirm with . or Enter, or press ? or * to list all spells.
One of your tentacles grows a vicious spike.
Found a stone staircase leading up.
The adder bites you.
You are poisoned.
The adder poisons you! The adder bites you.
You are more poisoned.
The adder poisons you!
You tentacle-slap the white imp. Your grab misses the white imp.
The white imp is lightly wounded.
You feel sick. The white imp gestures at you. The puff of frost hits you!
The adder bites you.
You barely miss the white imp. Your grab misses the white imp.
You pierce the white imp.
The white imp is moderately wounded.
You feel sick. The white imp gestures at you. The puff of frost hits you!
* * * LOW HITPOINT WARNING * * *
The adder bites you.
* * * LOW HITPOINT WARNING * * *
You are more poisoned.
The adder poisons you!
Really quaff the potion of lignification?
Your tentacle spike disappears.
You turn into a tree.
Your roots penetrate the ground.
* * * LOW HITPOINT WARNING * * *
You feel very sick.
The white imp hits you but does no damage.
The adder bites you.
* * * LOW HITPOINT WARNING * * *
It was a potion of degeneration.
There was something very wrong with that liquid.
You feel weakened.
You feel dopey.
You feel clumsy.
* * * LOW HITPOINT WARNING * * *
You feel sick. The adder bites you but does no damage.
The white imp gestures at you.
The puff of frost hits you but does no damage.
It was a potion of haste.
You feel yourself speed up.
You die...

.. .. .# .# ### .##..##
.#. #.# ...... ....####)#
.##.###. <.....5.$###.#
.#............wS♣.....#
...........#.####.###.#
...........#.####.###.#.#
.##.#..##..#............#
.##.#..##..######.###.#.#
.##.#..##..# #.#
.......##..# #.#
###....##..######)###.#.
#......##................


You could see a worm, an adder and a white imp.

Vanquished Creatures
  Jessica (D:3)
  Terence (D:3)
  9 adders
  2 dart slugs (D:2)
  5 bats
  6 endoplasms
  2 giant cockroaches (D:1)
  7 goblins
  4 hobgoblins
  2 quokkas
  7 ball pythons
  A frilled lizard (D:1)
  8 kobolds
  2 rats
57 creatures vanquished.

Notes
Turn   | Place    | Note
-------+----------+-------------------------------------------
     0 | D:1      | zenocrate the Octopode Transmuter began the quest for the
                  | Orb.
     0 | D:1      | Reached XP level 1. HP: 13/13 MP: 3/3
    49 | D:1      | Found Zupeedgh's Distillery.
   141 | D:1      | Reached skill level 1 in Stealth
   155 | D:1      | Reached XP level 2. HP: 18/18 MP: 3/5
   161 | D:1      | Learned a level 2 spell: Wereblood
  1247 | D:2      | Reached XP level 3. HP: 23/23 MP: 2/6
  1696 | D:2      | Reached skill level 4 in Unarmed Combat
  1696 | D:2      | Reached XP level 4. HP: 28/28 MP: 3/7
  1701 | D:2      | Learned a level 4 spell: Ice Form
  2181 | D:2      | Found Xusiqix's Assorted Antiques.
  2189 | D:2      | Bought a scroll labelled KETIUN MOTA for 29 gold pieces
  2189 | D:2      | Bought a scroll labelled DARHAUFOAL for 29 gold pieces
  2400 | D:3      | Reached skill level 1 in Ice Magic
  2490 | D:3      | Reached XP level 5. HP: 24/33 MP: 4/8
  2724 | D:3      | Noticed Jessica
  2732 | D:3      | Killed Jessica
  2878 | D:3      | Noticed Terence
  2890 | D:3      | Killed Terence
  2917 | D:3      | HP: 2/49 [adder (2)]
  2919 | D:3      | Succumbed to an adder's poison

Illustrated notes

Levels and vault maps discovered:
D:1:      eino_arrival_cavern_b, layout_loops_ring, serial_shops, shop,
          bh_walls_and_bars
D:2:      layout_loops_ring, serial_shops, shop, minmay_snake_closets
D:3:      layout_basic, serial_rivers, chequers_serial_rivers_large_a,
          chequers_serial_rivers_room_b, chequers_serial_rivers_large_b,
          chequers_serial_rivers_micro_a, chequers_serial_rivers_micro_a,
          chequers_serial_rivers_small_b, minmay_crystal_room, chequers_avenue,
          uniq_sigmund, uniq_terence, uniq_jessica

Skill      XL: |  1  2  3  4 |
---------------+-------------+-----
Stealth        | 1 |  1.0
Transmutations | 3 |  3.9
Unarmed Combat | 4 |  4.4
Ice Magic      | 1 |  1.8
Fighting       | |  1.0
Dodging        | |  2.0
Spellcasting   | |  2.0

Action                     |  1- 3 |  4- 6 || total
---------------------------+-------+-------++-------
  Melee: Unarmed           |    63 |    46 ||   109
         Kick              |    24 |    14 ||    38
         Constrict         |    16 |    15 ||    31
         Tentacles         |    10 |    11 ||    21
         Punch             |     2 |       ||     2
   Cast: Beastly Appendage |    21 |    17 ||    38
         Wereblood         |    18 |    18 ||    36
    Use: Scroll            |       |     1 ||     1
         Potion            |       |     3 ||     3
   Stab: Sleeping          |     6 |     4 ||    10
 Armour: Skin              |     2 |     7 ||     9
  Dodge: Dodged            |    39 |    13 ||    52

Table legend: (Time is in decaauts)
 A = Elapsed time spent in this place.
 B = Non-inter-level travel time spent in this place.
 C = Inter-level travel time spent in this place.
 D = Time resting spent in this place.
 E = Time spent auto-exploring this place.
 F = Levels seen in this place.
 G = Mean time per level.
                   A        B        C        D        E       F      G
               +--------+--------+--------+--------+--------+-----+--------+
         Total |   2911 |   2855 |     56 |      0 |   2416 |   3 |  970.3 |
       Dungeon |   2911 |   2855 |     56 |      0 |   2416 |   3 |  970.3 |
               +--------+--------+--------+--------+--------+-----+--------+

Top non-repeatable levels by time:
     D:2: 1286 daAuts
     D:1: 1097 daAuts
     D:3: 527 daAuts
